 Dungeon Crawl Stone Soup version 0.28-a0-312-gbced6e68ee (webtiles) character file.

Game seed: 5336595307982514295

1164 robertstho the Magician (level 8, -17/58 HPs)
             Began as a Djinni Cinder Acolyte on Aug 30, 2021.
             Was a High Priest of Ignis.
             Demolished by an ice beast (18 damage)
             ... on level 6 of the Dungeon.
             The game lasted 00:10:35 (7081 turns).

robertstho the Magician (Djinni Cinder Acolyte)     Turns: 7081, Time: 00:10:35

Health: -17/58     AC:  3    Str: 14    XL:     8   Next: 67%
Gold:   287        EV: 12    Int: 16    God:    Ignis [*****.] SH:  0 Dex: 10

rFire   + + +      SeeInvis .   a - -1 short sword (flame)
rCold   x . .      Faith    .   (no shield)
rNeg    . . .      Spirit   .   b - +0 robe
rPois   ∞          Reflect  .   d - +0 helmet
rElec   .          Harm     .   (no cloak)
rCorr   .          Rampage  .   (no gloves)
Will    .....                   (boots unavailable)
Stlth   ++........              (no amulet)
HPRegen 0.19/turn               (no ring)
MPRegen 0.00/turn               (no ring)

@: flying, very slightly contaminated
A: sickness immunity, fire resistance 2, cold vulnerability 1, float, innate
caster, hp casting, extra vitality 1
a: Renounce Religion, Sea of Fire, Foxfire Swarm, Rising Flame


You were on level 6 of the Dungeon.
You worshipped Ignis.
Ignis was extremely pleased with you.
You visited 1 branch of the dungeon, and saw 6 of its levels.

You collected 315 gold pieces.
You spent 28 gold pieces at shops.

Inventory:

Hand Weapons
 a - a -1 short sword of flaming (weapon)
 w - a +2 long sword of holy wrath
Armour
 b - a +0 robe (worn)
 d - a +0 helmet (worn)
Wands
 r - a wand of paralysis (4)
Scrolls
 e - 2 scrolls of teleportation
 i - 2 scrolls of brand weapon {unknown}
 l - a scroll of summoning
 m - a scroll of identify
 n - a scroll of blinking {unknown}
 o - a scroll of magic mapping {unknown}
 s - a scroll of vulnerability {unknown}
 u - 2 scrolls of amnesia {unknown}
 v - a scroll of fog {unknown}
Potions
 c - a potion of lignification {unknown}
 f - 3 potions of heal wounds {unknown}
 g - a potion of cancellation {unknown}
 h - 2 potions of berserk rage
 j - a potion of resistance
 k - a potion of mutation {unknown}
 p - 2 potions of ambrosia {unknown}
 q - a potion of curing
 t - a potion of degeneration {unknown}


   Skills:
 * Level 4.5 Fighting
 + Level 3.7 Short Blades
 + Level 2.1 Dodging
 + Level 2.0 Stealth
 * Level 6.0 Spellcasting


You had 12 spell levels left.
You knew the following spells:

 Your Spells              Type           Power      Damage    Failure   Level
a - Foxfire               Conj/Fire      96%        2x1d8     1%          1
b - Sandblast             Erth           48%        2d12      1%          1
c - Static Discharge      Conj/Air       24%        N/A       1%          2
d - Stone Arrow           Conj/Erth      48%        3d10      3%          3
Your spell library was empty.

Dungeon Overview and Level Annotations

Branches:
Dungeon (6/15)
 Temple: D:4-7

Altars:
Ashenzari
Dithmenos
Zin
The Shining One

Shops:
D:1 !   D:3 *


Innate Abilities, Weirdness & Mutations

You are immune to sickness and miasma.
You are immune to poison.
Your flesh is very heat resistant. (rF++)
You are vulnerable to cold. (rC-)
You float through the air rather than walking.
You learn spells naturally, not from books.
Your magical power is your life essence.
You have superior vitality. (+4 HP)


Message History

Aiming: Stone Arrow (dangerous; 3% risk of failure)
Press: ? - help, Shift-Dir - straight line, f/p - ice beast
Aim: an ice beast (heavily wounded, 71% to hit)
The stone arrow misses the ice beast.
The ice beast closely misses you.
Unknown command.
Casting: Stone Arrow (dangerous; 3% risk of failure)
Confirm with . or Enter, or press ? or * to list all spells.
Aiming: Stone Arrow (dangerous; 3% risk of failure)
Press: ? - help, Shift-Dir - straight line, f/p - ice beast
Aim: an ice beast (heavily wounded, 71% to hit)
The stone arrow hits the ice beast!
The ice beast is almost dead.
* * * LOW HITPOINT WARNING * * *
The ice beast closely misses you.
Casting: Stone Arrow (dangerous; 3% risk of failure)
Confirm with . or Enter, or press ? or * to list all spells.
Aiming: Stone Arrow (dangerous; 3% risk of failure)
Press: ? - help, Shift-Dir - straight line, f/p - ice beast
Aim: an ice beast (almost dead, 71% to hit)
You miscast Stone Arrow.
You are very lightly contaminated with residual magic.
Nothing appears to happen.
* * * LOW HITPOINT WARNING * * *
The ice beast hits you.
* * * LOW HITPOINT WARNING * * *
The ice beast freezes you!
You feel a terrible chill!
* * * LOW HITPOINT WARNING * * *
Casting: Stone Arrow (dangerous; 3% risk of failure)
Confirm with . or Enter, or press ? or * to list all spells.
You don't have enough health to cast this spell.
The ice beast closely misses you.
Unknown command.
Aiming: Paralyse
Press: ? - help, Shift-Dir - straight line, f/p - ice beast
Aim: an ice beast (almost dead, chance to affect: 46%)
The ice beast resists with some effort.
The ice beast barely misses you. Fires begin to smoulder around you!
The ice beast hits you.
* * * LOW HITPOINT WARNING * * *
The ice beast freezes you!!
You feel a terrible chill!
You die...

....# # § #.§§# # #§
###.§§#### # ### #§
#§§§§§§§.#.# #..
#§##§#§§§##.#.# #.#
#§§§§§§§§.....# #.#
#.§§§§§.###.######.#
###§§##.# #........#
#@§§#.# ##########
#Y#§#(# .§§§.§§.
..§§§#§##§# #
...§§§§#§# .# #
..§§§§§#.§ .. #
.§§§#§§§.§§ #
§§§§#§§§..§§ #


You could see an ice beast.

Vanquished Creatures
  Sigmund (D:3)
  An orc warrior (D:6)
  A black bear (D:4)
  2 ogres
  A phantom (D:5)
  2 scorpions
  A centaur zombie (D:6)
  A jelly (D:4)
  A bullfrog zombie (D:5)
  A hound (D:3)
  An orc priest (D:3)
  An orc wizard (D:3)
  Natasha (thrice) (D:2)
  A hound skeleton (D:5)
  A howler monkey zombie (D:5)
  3 gnolls (D:5)
  4 adders
  A shadow imp (D:6)
  4 ufetubi
  An adder zombie (D:5)
  4 worms
  2 dart slugs
  5 orcs
  6 ball pythons
  8 bats
  5 endoplasms
  A giant cockroach (D:1)
  6 goblins
  9 hobgoblins
  2 jackals (D:1)
  A quokka (D:3)
  A frilled lizard (D:3)
  7 kobolds
  6 rats
95 creatures vanquished.

Vanquished Creatures (others)
  235 foxfires
235 creatures vanquished.

Grand Total: 330 creatures vanquished

Notes
Turn   | Place    | Note
-------+----------+-------------------------------------------
     0 | D:1      | robertstho the Djinni Cinder Acolyte began the quest for
                  | the Orb.
     0 | D:1      | Reached XP level 1. HP: 20/20 MP: 0/0
    90 | D:1      | Reached XP level 2. HP: 2/25 MP: 0/0
   571 | D:1      | Found Wyrradal's Distillery.
   675 | D:1      | Reached XP level 3. HP: 5/30 MP: 0/0
   675 | D:1      | Learned a level 1 spell: Sandblast
  1867 | D:2      | Noticed Natasha
  1878 | D:2      | Killed Natasha
  1879 | D:2      | Reached XP level 4. HP: 11/35 MP: 0/0
  2193 | D:2      | Noticed Natasha
  2203 | D:2      | Killed Natasha
  2204 | D:2      | Reached skill level 2 in Spellcasting
  2585 | D:2      | Noticed Natasha
  2604 | D:2      | Killed Natasha
  2605 | D:2      | Reached XP level 5. HP: 18/41 MP: 0/0
  2605 | D:2      | Learned a level 2 spell: Static Discharge
  2912 | D:2      | Found a faded altar of an unknown god.
  3064 | D:3      | Reached skill level 1 in Dodging
  3251 | D:3      | Reached skill level 3 in Spellcasting
  3251 | D:3      | Reached XP level 6. HP: 40/47 MP: 0/0
  3350 | D:3      | Found Utras's General Store.
  3406 | D:3      | Bought a scroll of identify for 28 gold pieces
  3590 | D:3      | Found a glowing silver altar of Zin.
  3699 | D:3      | Noticed Sigmund
  3711 | D:3      | Killed Sigmund
  3712 | D:3      | Reached skill level 4 in Spellcasting
  3712 | D:3      | Reached XP level 7. HP: 29/52 MP: 0/0
  3712 | D:3      | Learned a level 3 spell: Stone Arrow
  4522 | D:4      | Found a shadowy altar of Dithmenos.
  4836 | D:4      | Found a broken altar of Ashenzari.
  4987 | D:4      | Reached skill level 1 in Stealth
  5520 | D:5      | Entered Level 5 of the Dungeon
  5540 | D:5      | Reached skill level 5 in Spellcasting
  5543 | D:5      | Reached XP level 8. HP: 42/58 MP: 0/0
  6131 | D:5      | Found a glowing golden altar of the Shining One.
  7052 | D:6      | Reached skill level 6 in Spellcasting
  7081 | D:6      | HP: 1/58 [ice beast (3)]
  7081 | D:6      | Demolished by an ice beast

Illustrated notes

Levels and vault maps discovered:
D:1:      roderic_dead_forest, layout_basic, serial_shops, shop,
          hangedman_decor_push, minivault_19
D:2:      layout_rooms, basic_ecumenical_altar, uniq_natasha
D:3:      layout_rooms, lemuel_doored_altar, gup_sewer_entry_spiral,
          serial_shops, nicolae_shop_trees, uniq_sigmund
D:4:      layout_basic, nicolae_dithmenos_through_a_glass_darkly,
          nicolae_ashenzari_panopticon
D:5:      layout_basic, tso_metal_star, dk_vineyard_3
D:6:      layout_loops_cross, tgw_sif, nicolae_uskayaw_dance_hall, temple_hall

Skill      XL: |  1  2  3  4  5  6  7  8 |
---------------+-------------------------+-----
Short Blades   | 3 |  3.7
Spellcasting   | 2 3 4 5 6 |  6.0
Dodging        | 1 2 |  2.1
Fighting       | 4 |  4.5
Stealth        | 1 2 |  2.0

Action                   |  1- 3 |  4- 6 |  7- 9 || total
-------------------------+-------+-------+-------++-------
Melee: Short sword       |    10 |       |    29 ||    39
 Cast: Foxfire           |    57 |    78 |     3 ||   138
       Sandblast         |     3 |     9 |       ||    12
       Stone Arrow       |       |       |    63 ||    63
       Static Discharge  |       |       |     4 ||     4
Invok: Sea of Fire       |       |       |     1 ||     1
Evoke: Wand              |       |       |     1 ||     1
  Use: Scroll            |       |     4 |       ||     4
       Potion            |       |     2 |       ||     2
 Stab: Sleeping          |       |       |     1 ||     1
Armor: Robe              |    20 |     5 |     7 ||    32
Dodge: Dodged            |    27 |    16 |    24 ||    67

Table legend: (Time is in decaauts)
 A = Elapsed time spent in this place.
 B = Non-inter-level travel time spent in this place.
 C = Inter-level travel time spent in this place.
 D = Time resting spent in this place.
 E = Time spent auto-exploring this place.
 F = Levels seen in this place.
 G = Mean time per level.
                   A        B        C        D        E       F      G
               +--------+--------+--------+--------+--------+-----+--------+
         Total |   7095 |   6916 |    179 |    419 |   5807 |   6 | 1182.5 |
       Dungeon |   7095 |   6916 |    179 |    419 |   5807 |   6 | 1182.5 |
               +--------+--------+--------+--------+--------+-----+--------+

Top non-repeatable levels by time:
     D:1: 2018 daAuts
     D:5: 1297 daAuts
     D:4: 1246 daAuts
     D:3: 1218 daAuts
     D:2: 1052 daAuts
     D:6: 262 daAuts
